Sasquatch vs Ice Dragons
(R1)
Created - 23 septembre 2014 at 19:22
Goals
|
| Sasquatch |
0 |
1 |
1 |
2 |
| Ice Dragons |
0 |
1 |
2 |
3 |
|
Shots
|
| Sasquatch |
3 |
11 |
16 |
30 |
| Ice Dragons |
6 |
14 |
10 |
30 |
|
1st period
No Goal
Penalties :
Matt Donovan (Gat) for High sticking (Minor) at 6:29, Jakub Voracek (Gat) for Tripping (Minor) at 14:14
2nd period
1. Sasquatch , Derek Stepan 1 (Joe Corvo, Kyle Clifford) at 1:12
2. Ice Dragons , John Mitchell 1 (Troy Brouwer, Matt Walker) at 13:57
Penalties :
Shean Donovan (Val) for Diving (Minor) at 7:19, Shean Donovan (Val) for Interference (Minor) at 15:17
3rd period
3. Sasquatch , Tyler Johnson 1 (Oskar Osala, Keith Yandle) at 2:41
4. Ice Dragons , Patrick O'Sullivan 1 (Jeff Tambellini, Cal Clutterbuck) at 2:57
5. Ice Dragons , Boris Valabik 1 (Denis Shvidki, Shean Donovan) at 11:24
Penalties :
Troy Brouwer (Val) for Holding Stick (Minor) at 4:23, Boris Valabik (Val) for Slashing (Minor) at 8:56, Yann Sauvé (Gat) for Slashing (Minor) at 14:32
Goalie Stats
Jonas Gustavsson (Gat), 27 saves from 30 shots - (0,900), L, 0-1-0, 59:01 minutes
Todd Ford (Val), 28 saves from 30 shots - (0,933), W, 1-0-0, 60:00 minutes
Players Stats for Sasquatch
Player Name G A P +/- PIM S H SB GA TA FO MP PP MP PK MP
------------------------------------------------------------------------------------
Brandon Bochenski 0 0 0 1 0 1 0 0 0 0 0/0 14:17 3:29 0:00
Cam Atkinson 0 0 0 -1 0 2 1 0 1 0 0/0 12:25 0:16 0:51
Cameron Gaunce 0 0 0 0 0 0 0 1 0 0 0/0 10:33 0:00 0:38
D.J King 0 0 0 -1 0 4 1 0 1 1 1/1 22:53 4:18 3:34
Derek Stepan 1 0 1 -1 0 6 2 0 1 0 12/31 19:12 4:11 0:00
Jakub Voracek 0 0 0 -1 2 1 6 0 0 2 1/3 19:28 4:11 0:00
James Livingstone 0 0 0 0 0 1 0 0 0 0 1/1 8:15 0:00 0:00
Joe Corvo 0 1 1 0 0 2 0 1 0 1 0/0 20:13 4:36 3:04
Keith Yandle 0 1 1 0 0 3 0 0 3 0 0/0 27:08 3:07 2:15
Kyle Clifford 0 1 1 -1 0 0 0 1 0 0 0/0 12:04 0:09 0:37
Matt Beleskey 0 0 0 0 0 0 3 0 0 0 0/0 8:15 0:00 0:00
Matt Donovan 0 0 0 -1 2 1 1 0 0 0 0/0 17:51 4:09 0:49
Matt Niskanen 0 0 0 -1 0 2 2 3 2 0 0/0 21:25 3:20 2:55
Oskar Osala 0 1 1 1 0 3 4 0 2 0 0/1 16:48 3:29 1:46
Ryan O'Reilly 0 0 0 -1 0 0 1 1 0 1 3/7 13:38 0:00 1:46
Stephane Da Costa 0 0 0 0 0 1 4 0 0 0 0/3 8:42 0:16 0:00
Tyler Johnson 1 0 1 1 0 2 1 1 0 0 4/7 17:30 3:29 3:20
Yann Sauvé 0 0 0 0 2 1 1 1 0 0 0/0 23:23 0:40 2:13
Players Stats for Ice Dragons
Player Name G A P +/- PIM S H SB GA TA FO MP PP MP PK MP
------------------------------------------------------------------------------------
Adam Pardy 0 0 0 0 0 0 2 2 1 0 0/0 27:29 3:00 4:23
Boris Valabik 1 0 1 1 2 3 1 1 0 2 0/0 17:58 2:57 2:23
Brayden McNabb 0 0 0 1 0 0 0 0 0 0 0/0 5:57 0:00 0:26
Cal Clutterbuck 0 1 1 1 0 4 1 1 1 0 2/3 22:05 2:51 4:03
Danny Syvret 0 0 0 0 0 0 0 0 0 0 0/0 5:02 0:00 0:00
Denis Shvidki 0 1 1 1 0 3 2 1 0 0 0/1 15:19 0:18 2:20
Jeff Tambellini 0 1 1 1 0 4 1 1 0 1 0/2 22:07 2:54 2:31
John Mitchell 1 0 1 0 0 1 0 0 0 0 1/1 8:27 0:23 1:25
Jonathan Blum 0 0 0 0 0 0 0 0 0 2 0/0 12:18 2:57 0:44
Kevin Klein 0 0 0 1 0 2 2 4 1 0 0/0 25:12 3:00 3:33
Kris Beech 0 0 0 -1 0 3 0 1 0 0 12/15 19:02 2:40 4:11
Marc-Antoine Pouliot 0 0 0 0 0 2 0 0 0 0 3/9 12:06 0:00 0:00
Matt Walker 0 1 1 0 0 0 0 0 0 2 0/0 18:12 0:00 4:23
Patrick O'Sullivan 1 0 1 1 0 3 2 0 1 1 13/20 17:48 2:54 0:00
Reilly Smith 0 0 0 0 0 0 0 0 0 0 0/1 9:40 2:40 0:00
Shean Donovan 0 1 1 0 4 1 0 0 0 0 1/1 14:04 0:00 1:12
Tim Kennedy 0 0 0 0 0 2 1 0 0 1 0/1 13:10 0:38 0:10
Troy Brouwer 0 1 1 -1 2 2 3 0 1 0 0/0 17:34 2:33 0:00
Tyler Eckford 0 0 0 0 0 0 1 0 0 1 0/0 8:30 0:00 0:00
3 Stars
1 - Patrick O'Sullivan (Val)
2 - Tyler Johnson (Gat)
3 - Oskar Osala (Gat)
Power Play
Sasquatch - 0 on 4 Attempt(s) - 0,00%
Ice Dragons - 0 on 3 Attempt(s) - 0,00%
Penalty Kill
Sasquatch - 3 on 3 Attempt(s) - 100,00%
- Score 0 goal in Penalty Kill
Ice Dragons - 4 on 4 Attempt(s) - 100,00%
- Score 0 goal in Penalty Kill
Official
Referees : Banfield David and Jackson Dave
Linesman : Tony Sericolo and Steve Barton
Game Notes
No Game Note
Finance
Level 1 -- Attendance: 1556 (77,80%) -- Ticket Income 54 460 $
Level 2 -- Attendance: 691 (69,10%) -- Ticket Income 10 365 $
Total Attendance: 2247 (74,90%)
Total Ticket Income: 64 825 $
Other Income: 3 241 $
Total Income: 68 066 $
Sasquatch
5 vs 5 Forward
Center Left Wing Right Wing Time % Phy DF OF
1 Derek Stepan D.J King Jakub Voracek 40 1 2 2
2 Tyler Johnson Oskar Osala Brandon Bochenski 30 1 2 2
3 Ryan O'Reilly Kyle Clifford Cam Atkinson 20 1 2 2
4 Stephane Da Costa Matt Beleskey James Livingstone 10 1 2 2
5 vs 5 Defense
Defense Defense Time % Phy DF OF
1 Keith Yandle Yann Sauvé 40 1 2 2
2 Matt Donovan Matt Niskanen 30 1 2 2
3 Cameron Gaunce Joe Corvo 20 1 2 2
4 Joe Corvo Matt Niskanen 10 1 2 2
PowerPlay Forward
Center Left Wing Right Wing Time % Phy DF OF
1 Derek Stepan D.J King Jakub Voracek 60 1 2 2
2 Tyler Johnson Oskar Osala Brandon Bochenski 40 1 2 2
PowerPlay Defense
Defense Defense Time % Phy DF OF
1 Joe Corvo Matt Donovan 60 1 2 2
2 Keith Yandle Matt Niskanen 40 1 2 2
Penalty Kill 4 Players Forward
Center Wing Time % Phy DF OF
1 Tyler Johnson D.J King 60 1 2 2
2 Ryan O'Reilly Oskar Osala 40 1 2 2
Penalty Kill 4 Players Defense
Defense Defense Time % Phy DF OF
1 Joe Corvo Yann Sauvé 60 1 2 2
2 Keith Yandle Matt Niskanen 40 1 2 2
Penalty Kill - 3 Players Forward
Forward Time % Phy DF OF
1 Tyler Johnson 60 1 2 2
2 Brandon Bochenski 40 1 2 2
Penalty Kill - 3 Players Defense
Defense Defense Time % Phy DF OF
1 Joe Corvo Yann Sauvé 60 1 2 2
2 Keith Yandle Matt Donovan 40 1 2 2
4 vs 4 Forward
Center Wing Time % Phy DF OF
1 Derek Stepan Jakub Voracek 60 1 2 2
2 Ryan O'Reilly Brandon Bochenski 40 1 2 2
4 vs 4 Defense
Defense Defense Time % Phy DF OF
1 Joe Corvo Cameron Gaunce 60 1 2 2
2 Keith Yandle Matt Niskanen 40 1 2 2
Last Minutes Offensive
Center Left Wing Right Wing Defense Defense
Derek Stepan D.J King Jakub Voracek Joe Corvo Matt Niskanen
Last Minutes Defensive
Center Left Wing Right Wing Defense Defense
Tyler Johnson D.J King Brandon Bochenski Joe Corvo Yann Sauvé
Goaltenders
Starting : Jonas Gustavsson
Backup : Anders Lindback
Extra Forwards
Normal : Brandon Bochenski, Stephane Da Costa, Cam Atkinson - PP : Brandon Bochenski, Stephane Da Costa - PK : Cam Atkinson
Extra Defensemen
Normal : Yann Sauvé, Joe Corvo, Matt Donovan - PP : Yann Sauvé - PK : Matt Niskanen, Matt Donovan
Penalty Shots
Cam Atkinson, Oskar Osala, Brandon Bochenski, Jakub Voracek, Matt Beleskey
Ice Dragons
5 vs 5 Forward
Center Left Wing Right Wing Time % Phy DF OF
1 Patrick O'Sullivan Jeff Tambellini Cal Clutterbuck 40 0 2 3
2 Kris Beech Troy Brouwer Shean Donovan 30 0 2 3
3 Marc-Antoine Pouliot Tim Kennedy Denis Shvidki 20 0 2 3
4 John Mitchell Troy Brouwer Reilly Smith 10 1 3 1
5 vs 5 Defense
Defense Defense Time % Phy DF OF
1 Adam Pardy Kevin Klein 40 0 2 3
2 Matt Walker Boris Valabik 30 0 2 3
3 Tyler Eckford Jonathan Blum 20 1 3 1
4 Brayden McNabb Danny Syvret 10 1 4 0
PowerPlay Forward
Center Left Wing Right Wing Time % Phy DF OF
1 Patrick O'Sullivan Jeff Tambellini Cal Clutterbuck 60 1 1 3
2 Kris Beech Troy Brouwer Reilly Smith 40 1 1 3
PowerPlay Defense
Defense Defense Time % Phy DF OF
1 Adam Pardy Kevin Klein 60 0 2 3
2 Jonathan Blum Boris Valabik 40 0 2 3
Penalty Kill 4 Players Forward
Center Wing Time % Phy DF OF
1 Kris Beech Cal Clutterbuck 60 1 4 0
2 Denis Shvidki Shean Donovan 40 1 4 0
Penalty Kill 4 Players Defense
Defense Defense Time % Phy DF OF
1 Adam Pardy Matt Walker 60 1 4 0
2 Kevin Klein Boris Valabik 40 1 4 0
Penalty Kill - 3 Players Forward
Forward Time % Phy DF OF
1 Shean Donovan 60 0 5 0
2 Denis Shvidki 40 0 5 0
Penalty Kill - 3 Players Defense
Defense Defense Time % Phy DF OF
1 Adam Pardy Matt Walker 60 0 5 0
2 Kevin Klein Boris Valabik 40 0 5 0
4 vs 4 Forward
Center Wing Time % Phy DF OF
1 Patrick O'Sullivan Shean Donovan 60 1 3 1
2 Jeff Tambellini Troy Brouwer 40 1 3 1
4 vs 4 Defense
Defense Defense Time % Phy DF OF
1 Boris Valabik Kevin Klein 60 1 3 1
2 Matt Walker Danny Syvret 40 1 3 1
Last Minutes Offensive
Center Left Wing Right Wing Defense Defense
Patrick O'Sullivan Jeff Tambellini Cal Clutterbuck Adam Pardy Kevin Klein
Last Minutes Defensive
Center Left Wing Right Wing Defense Defense
Kris Beech Jeff Tambellini Shean Donovan Adam Pardy Matt Walker
Goaltenders
Starting : Todd Ford
Backup : Yann Danis
Extra Forwards
Normal : Troy Brouwer, Reilly Smith, John Mitchell - PP : Tim Kennedy, John Mitchell - PK : Cal Clutterbuck
Extra Defensemen
Normal : Tyler Eckford, Jonathan Blum, Brayden McNabb - PP : Tyler Eckford - PK : Jonathan Blum, Brayden McNabb
Penalty Shots
Jeff Tambellini, Troy Brouwer, Denis Shvidki, Marc-Antoine Pouliot, Cal Clutterbuck
% Time on Ice - Sasquatch
Lines # - Real PCT - Wanted PCT - Time Play
Normal Forward
1 - 31% - 40% - 13:58
2 - 26% - 30% - 11:33
3 - 25% - 20% - 11:07
4 - 18% - 10% - 8:15
Normal Defense
1 - 44% - 40% - 19:54
2 - 30% - 30% - 13:33
3 - 20% - 20% - 9:02
4 - 5% - 10% - 2:24
PP Forward
1 - 56% - 60% - 4:27
2 - 44% - 40% - 3:29
PP Defense
1 - 58% - 60% - 4:36
2 - 42% - 40% - 3:20
PK Forward
1 - 70% - 60% - 4:11
2 - 30% - 40% - 1:46
PK Defense
1 - 61% - 60% - 3:37
2 - 39% - 40% - 2:20
PK3 Forward
1 - 0% - 60%
2 - 0% - 40%
PK3 Defense
1 - 0% - 60%
2 - 0% - 40%
44 Forward
1 - 0% - 60%
2 - 0% - 40%
44 Defense
1 - 0% - 60%
2 - 0% - 40%
Last Minute Offensive - 1:14
Last Minute Defensive - 0:00
Total
Forward - 60:00
Defense - 60:00
|
% Time on Ice - Ice Dragons
Lines # - Real PCT - Wanted PCT - Time Play
Normal Forward
1 - 34% - 40% - 15:13
2 - 26% - 30% - 11:38
3 - 27% - 20% - 12:06
4 - 13% - 10% - 5:55
Normal Defense
1 - 42% - 40% - 18:41
2 - 28% - 30% - 12:39
3 - 19% - 20% - 8:30
4 - 11% - 10% - 5:02
PP Forward
1 - 55% - 60% - 3:17
2 - 45% - 40% - 2:40
PP Defense
1 - 50% - 60% - 3:00
2 - 50% - 40% - 2:57
PK Forward
1 - 71% - 60% - 5:36
2 - 29% - 40% - 2:20
PK Defense
1 - 55% - 60% - 4:23
2 - 45% - 40% - 3:33
PK3 Forward
1 - 0% - 60%
2 - 0% - 40%
PK3 Defense
1 - 0% - 60%
2 - 0% - 40%
44 Forward
1 - 0% - 60%
2 - 0% - 40%
44 Defense
1 - 0% - 60%
2 - 0% - 40%
Last Minute Offensive - 0:00
Last Minute Defensive - 1:15
Total
Forward - 60:00
Defense - 60:00
|
Play by Play
1st period
0:01 of 1st period - Patrick O'Sullivan wins face-off versus Derek Stepan in neutral zone.
0:26 of 1st period - Kris Beech is hit by Oskar Osala and loses puck.
0:53 of 1st period - Snap shot by Marc-Antoine Pouliot.
0:53 of 1st period - Shot Hit the Post.
0:55 of 1st period - Slapshot by Adam Pardy.
0:55 of 1st period - Shot Blocked by Matt Niskanen.
1:01 of 1st period - Slapshot by Marc-Antoine Pouliot.
1:01 of 1st period - Stopped by Jonas Gustavsson without a rebound.
1:02 of 1st period - Patrick O'Sullivan wins face-off versus Stephane Da Costa in Sasquatch zone.
1:27 of 1st period - D.J King is hit by Troy Brouwer and loses puck.
1:36 of 1st period - Wrist shot by D.J King.
1:36 of 1st period - Shot Misses the Net.
1:52 of 1st period - Wrist shot by Troy Brouwer.
1:52 of 1st period - Deflect By Keith Yandle.
1:52 of 1st period - Stopped by Jonas Gustavsson with a rebound.
1:54 of 1st period - Backhand shot by Boris Valabik.
1:54 of 1st period - Shot Hit the Post.
2:54 of 1st period - Wrist shot by John Mitchell.
2:54 of 1st period - Shot Misses the Net.
3:22 of 1st period - Keith Yandle is hit by Jeff Tambellini and loses puck.
3:37 of 1st period - Tyler Eckford is hit by Matt Beleskey and loses puck.
3:46 of 1st period - Snap shot by Stephane Da Costa.
3:46 of 1st period - Stopped by Todd Ford with a rebound.
4:00 of 1st period - Denis Shvidki is hit by Jakub Voracek and loses puck.
4:28 of 1st period - Wrist shot by Oskar Osala.
4:28 of 1st period - Shot Blocked by Cal Clutterbuck.
4:54 of 1st period - Slapshot by Jeff Tambellini.
4:54 of 1st period - Shot Misses the Net.
5:28 of 1st period - Snap shot by Oskar Osala.
5:28 of 1st period - Shot Blocked by Adam Pardy.
5:32 of 1st period - Wrist shot by Oskar Osala.
5:32 of 1st period - Shot Misses the Net.
5:34 of 1st period - Wrist shot by Matt Donovan.
5:34 of 1st period - Stopped by Todd Ford with a rebound.
5:36 of 1st period - Snap shot by Tyler Johnson.
5:36 of 1st period - Shot Misses the Net.
5:38 of 1st period - Slapshot by Yann Sauvé.
5:38 of 1st period - Shot Blocked by Kevin Klein.
6:29 of 1st period - Minor Penalty to Matt Donovan for High sticking.
6:30 of 1st period - Tyler Johnson wins face-off versus Patrick O'Sullivan in Sasquatch zone.
6:41 of 1st period - Slapshot by Cal Clutterbuck.
6:41 of 1st period - Stopped by Jonas Gustavsson with a rebound.
7:36 of 1st period - Icing by Troy Brouwer.
7:37 of 1st period - Tyler Johnson wins face-off versus Reilly Smith in Ice Dragons zone.
7:52 of 1st period - Snap shot by Jeff Tambellini.
7:52 of 1st period - Shot Hit the Post.
7:54 of 1st period - Wrist shot by Jeff Tambellini.
7:54 of 1st period - Stopped by Jonas Gustavsson with a rebound.
8:29 of 1st period - Penalty to Matt Donovan is over, Matt Donovan is back on ice.
11:19 of 1st period - D.J King is hit by Denis Shvidki and loses puck.
11:38 of 1st period - Shean Donovan is hit by Oskar Osala and loses puck.
12:43 of 1st period - Troy Brouwer is hit by Stephane Da Costa and loses puck.
12:58 of 1st period - Snap shot by Denis Shvidki.
12:58 of 1st period - Stopped by Jonas Gustavsson with a rebound.
13:29 of 1st period - Joe Corvo is hit by Tim Kennedy and loses puck.
14:14 of 1st period - Minor Penalty to Jakub Voracek for Tripping.
14:15 of 1st period - Tyler Johnson wins face-off versus Jeff Tambellini in Sasquatch zone.
14:15 of 1st period - Tyler Johnson is hit by Kevin Klein.
14:27 of 1st period - Snap shot by Jeff Tambellini.
14:27 of 1st period - Stopped by Jonas Gustavsson with a rebound.
14:29 of 1st period - Slapshot by Kevin Klein.
14:29 of 1st period - Shot Blocked by Tyler Johnson.
15:18 of 1st period - Joe Corvo is hit by Patrick O'Sullivan and loses puck.
16:14 of 1st period - Penalty to Jakub Voracek is over, Jakub Voracek is back on ice.
16:48 of 1st period - Danny Syvret is hit by Jakub Voracek and loses puck.
17:07 of 1st period - John Mitchell is hit by Stephane Da Costa and loses puck.
18:05 of 1st period - Slapshot by Keith Yandle.
18:05 of 1st period - Shot Blocked by Adam Pardy.
18:55 of 1st period - Cal Clutterbuck is hit by D.J King and loses puck.
19:43 of 1st period - Slapshot by Joe Corvo.
19:43 of 1st period - Shot Blocked by Kevin Klein.
19:45 of 1st period - Slapshot by Joe Corvo.
19:45 of 1st period - Shot Misses the Net.
19:47 of 1st period - Snap shot by Oskar Osala.
19:47 of 1st period - Stopped by Todd Ford without a rebound.
19:48 of 1st period - Kris Beech wins face-off versus Tyler Johnson in Ice Dragons zone.
Goals for this period are 0 for Sasquatch vs 0 for Ice Dragons.
Shots for this period are 3 for Sasquatch vs 6 for Ice Dragons.
2nd period
0:01 of 2nd period - Patrick O'Sullivan wins face-off versus Jakub Voracek in neutral zone.
0:04 of 2nd period - Wrist shot by Jeff Tambellini.
0:04 of 2nd period - Shot Misses the Net.
0:14 of 2nd period - Slapshot by Derek Stepan.
0:14 of 2nd period - Shot Misses the Net.
0:16 of 2nd period - Slapshot by Yann Sauvé.
0:16 of 2nd period - Stopped by Todd Ford with a rebound.
0:26 of 2nd period - Brandon Bochenski is hit by Troy Brouwer and loses puck.
1:12 of 2nd period - Snap shot by Derek Stepan.
1:12 of 2nd period - Goal by Derek Stepan - Sasquatch : 1 - Ice Dragons : 0.
1:13 of 2nd period - Patrick O'Sullivan wins face-off versus Derek Stepan in neutral zone.
1:18 of 2nd period - Snap shot by Cal Clutterbuck.
1:18 of 2nd period - Stopped by Jonas Gustavsson with a rebound.
1:20 of 2nd period - Slapshot by Kevin Klein.
1:20 of 2nd period - Stopped by Jonas Gustavsson with a rebound.
1:24 of 2nd period - Slapshot by Patrick O'Sullivan.
1:24 of 2nd period - Shot Misses the Net.
1:26 of 2nd period - Slapshot by Kevin Klein.
1:26 of 2nd period - Deflect By Patrick O'Sullivan.
1:26 of 2nd period - Stopped by Jonas Gustavsson without a rebound.
1:27 of 2nd period - Derek Stepan wins face-off versus Patrick O'Sullivan in Sasquatch zone.
1:52 of 2nd period - Yann Sauvé is hit by Troy Brouwer and loses puck.
2:05 of 2nd period - Snap shot by Kris Beech.
2:05 of 2nd period - Stopped by Jonas Gustavsson with a rebound.
2:13 of 2nd period - Snap shot by Matt Niskanen.
2:13 of 2nd period - Stopped by Todd Ford without a rebound.
2:14 of 2nd period - Derek Stepan wins face-off versus Marc-Antoine Pouliot in Ice Dragons zone.
2:28 of 2nd period - Wrist shot by Jakub Voracek.
2:28 of 2nd period - Deflect By Derek Stepan.
2:28 of 2nd period - Stopped by Todd Ford without a rebound.
2:29 of 2nd period - Patrick O'Sullivan wins face-off versus Derek Stepan in Ice Dragons zone.
2:54 of 2nd period - Oskar Osala is hit by Boris Valabik.
3:00 of 2nd period - Slapshot by Matt Niskanen.
3:00 of 2nd period - Stopped by Todd Ford without a rebound.
3:01 of 2nd period - Kris Beech wins face-off versus Derek Stepan in Ice Dragons zone.
3:01 of 2nd period - Kris Beech is hit by Matt Niskanen.
3:06 of 2nd period - Adam Pardy is hit by Matt Niskanen and loses puck.
4:18 of 2nd period - Off-side.
4:19 of 2nd period - Derek Stepan wins face-off versus Patrick O'Sullivan in neutral zone.
5:03 of 2nd period - Slapshot by Tim Kennedy.
5:03 of 2nd period - Stopped by Jonas Gustavsson without a rebound.
5:04 of 2nd period - Marc-Antoine Pouliot wins face-off versus Ryan O'Reilly in Sasquatch zone.
5:29 of 2nd period - Cal Clutterbuck is hit by Derek Stepan and loses puck.
5:58 of 2nd period - Wrist shot by Troy Brouwer.
5:58 of 2nd period - Shot Blocked by Cameron Gaunce.
6:30 of 2nd period - Keith Yandle is hit by Cal Clutterbuck.
6:36 of 2nd period - Slapshot by Derek Stepan.
6:36 of 2nd period - Deflect By Jakub Voracek.
6:36 of 2nd period - Stopped by Todd Ford without a rebound.
6:37 of 2nd period - Jakub Voracek wins face-off versus Patrick O'Sullivan in Ice Dragons zone.
6:38 of 2nd period - Slapshot by D.J King.
6:38 of 2nd period - Shot Misses the Net.
7:02 of 2nd period - Tyler Johnson is hit by Adam Pardy and loses puck.
7:09 of 2nd period - Wrist shot by Brandon Bochenski.
7:09 of 2nd period - Shot Blocked by Kris Beech.
7:19 of 2nd period - Minor Penalty to Shean Donovan for Diving.
7:20 of 2nd period - Kris Beech wins face-off versus Derek Stepan in Ice Dragons zone.
7:45 of 2nd period - Kris Beech is hit by Oskar Osala and loses puck.
9:19 of 2nd period - Penalty to Shean Donovan is over, Shean Donovan is back on ice.
9:28 of 2nd period - Snap shot by Tim Kennedy.
9:28 of 2nd period - Shot Misses the Net.
9:30 of 2nd period - Slapshot by Troy Brouwer.
9:30 of 2nd period - Shot Misses the Net.
9:32 of 2nd period - Snap shot by John Mitchell.
9:32 of 2nd period - Shot Misses the Net.
9:44 of 2nd period - Keith Yandle is hit by Tyler Eckford and loses puck.
10:19 of 2nd period - Wrist shot by Denis Shvidki.
10:19 of 2nd period - Stopped by Jonas Gustavsson without a rebound.
10:20 of 2nd period - D.J King wins face-off versus Marc-Antoine Pouliot in Sasquatch zone.
10:53 of 2nd period - Snap shot by Patrick O'Sullivan.
10:53 of 2nd period - Stopped by Jonas Gustavsson without a rebound.
10:54 of 2nd period - Kris Beech wins face-off versus Tyler Johnson in Sasquatch zone.
11:07 of 2nd period - Snap shot by Kris Beech.
11:07 of 2nd period - Stopped by Jonas Gustavsson without a rebound.
11:08 of 2nd period - Patrick O'Sullivan wins face-off versus Derek Stepan in Sasquatch zone.
11:30 of 2nd period - Kevin Klein is hit by Jakub Voracek and loses puck.
12:05 of 2nd period - Wrist shot by Denis Shvidki.
12:05 of 2nd period - Stopped by Jonas Gustavsson with a rebound.
12:07 of 2nd period - Snap shot by Marc-Antoine Pouliot.
12:07 of 2nd period - Stopped by Jonas Gustavsson with a rebound.
12:21 of 2nd period - Reilly Smith is hit by Stephane Da Costa and loses puck.
12:28 of 2nd period - Snap shot by Stephane Da Costa.
12:28 of 2nd period - Shot Misses the Net.
12:30 of 2nd period - Wrist shot by Stephane Da Costa.
12:30 of 2nd period - Shot Blocked by Boris Valabik.
12:32 of 2nd period - Backhand shot by James Livingstone.
12:32 of 2nd period - Stopped by Todd Ford without a rebound.
12:33 of 2nd period - Derek Stepan wins face-off versus Jeff Tambellini in Ice Dragons zone.
12:38 of 2nd period - Wrist shot by Derek Stepan.
12:38 of 2nd period - Shot Misses the Net.
13:57 of 2nd period - Slapshot by John Mitchell.
13:57 of 2nd period - Goal by John Mitchell - Sasquatch : 1 - Ice Dragons : 1.
13:58 of 2nd period - Patrick O'Sullivan wins face-off versus Jakub Voracek in neutral zone.
14:46 of 2nd period - Wrist shot by Joe Corvo.
14:46 of 2nd period - Stopped by Todd Ford with a rebound.
14:48 of 2nd period - Slapshot by Keith Yandle.
14:48 of 2nd period - Stopped by Todd Ford without a rebound.
14:49 of 2nd period - Ryan O'Reilly wins face-off versus Patrick O'Sullivan in Ice Dragons zone.
15:04 of 2nd period - Off-side.
15:05 of 2nd period - Kris Beech wins face-off versus Derek Stepan in neutral zone.
15:10 of 2nd period - Wrist shot by Shean Donovan.
15:10 of 2nd period - Stopped by Jonas Gustavsson with a rebound.
15:12 of 2nd period - Wrist shot by Kris Beech.
15:12 of 2nd period - Stopped by Jonas Gustavsson without a rebound.
15:13 of 2nd period - Derek Stepan wins face-off versus Kris Beech in Sasquatch zone.
15:17 of 2nd period - Minor Penalty to Shean Donovan for Interference.
15:18 of 2nd period - Derek Stepan wins face-off versus Kris Beech in Ice Dragons zone.
15:20 of 2nd period - Snap shot by D.J King.
15:20 of 2nd period - Stopped by Todd Ford without a rebound.
15:21 of 2nd period - Kris Beech wins face-off versus Derek Stepan in Ice Dragons zone.
15:36 of 2nd period - Snap shot by Jakub Voracek.
15:36 of 2nd period - Deflect By D.J King.
15:36 of 2nd period - Shot Misses the Net.
15:36 of 2nd period - Puck is out of play.
15:37 of 2nd period - Kris Beech wins face-off versus Derek Stepan in Ice Dragons zone.
15:44 of 2nd period - Snap shot by Cal Clutterbuck.
15:44 of 2nd period - Stopped by Jonas Gustavsson with a rebound.
15:46 of 2nd period - Slapshot by Matt Walker.
15:46 of 2nd period - Shot Blocked by Joe Corvo.
16:56 of 2nd period - Icing by Matt Niskanen.
16:57 of 2nd period - Kris Beech wins face-off versus Oskar Osala in Sasquatch zone.
17:17 of 2nd period - Penalty to Shean Donovan is over, Shean Donovan is back on ice.
17:38 of 2nd period - Kyle Clifford is hit by Adam Pardy and loses puck.
17:53 of 2nd period - Denis Shvidki is hit by Matt Beleskey and loses puck.
18:08 of 2nd period - Cal Clutterbuck is hit by Yann Sauvé and loses puck.
18:25 of 2nd period - Troy Brouwer is hit by Matt Donovan and loses puck.
18:38 of 2nd period - Jonathan Blum is hit by Ryan O'Reilly and loses puck.
18:43 of 2nd period - Snap shot by Cam Atkinson.
18:43 of 2nd period - Stopped by Todd Ford without a rebound.
18:44 of 2nd period - Cal Clutterbuck wins face-off versus Derek Stepan in Ice Dragons zone.
18:44 of 2nd period - Cal Clutterbuck is hit by Jakub Voracek.
18:49 of 2nd period - Off-side.
18:50 of 2nd period - Patrick O'Sullivan wins face-off versus Derek Stepan in neutral zone.
19:35 of 2nd period - Off-side.
19:36 of 2nd period - Ryan O'Reilly wins face-off versus Marc-Antoine Pouliot in neutral zone.
Goals for this period are 1 for Sasquatch vs 1 for Ice Dragons.
Shots for this period are 11 for Sasquatch vs 14 for Ice Dragons.
3rd period
0:01 of 3rd period - Patrick O'Sullivan wins face-off versus Derek Stepan in neutral zone.
0:30 of 3rd period - Wrist shot by Keith Yandle.
0:30 of 3rd period - Stopped by Todd Ford with a rebound.
0:56 of 3rd period - Slapshot by Tim Kennedy.
0:56 of 3rd period - Stopped by Jonas Gustavsson with a rebound.
1:52 of 3rd period - Slapshot by Oskar Osala.
1:52 of 3rd period - Stopped by Todd Ford without a rebound.
1:53 of 3rd period - Tyler Johnson wins face-off versus Marc-Antoine Pouliot in Ice Dragons zone.
2:00 of 3rd period - Wrist shot by Brandon Bochenski.
2:00 of 3rd period - Stopped by Todd Ford without a rebound.
2:01 of 3rd period - Derek Stepan wins face-off versus Tim Kennedy in Ice Dragons zone.
2:06 of 3rd period - Snap shot by D.J King.
2:06 of 3rd period - Stopped by Todd Ford without a rebound.
2:07 of 3rd period - Derek Stepan wins face-off versus Cal Clutterbuck in Ice Dragons zone.
2:32 of 3rd period - Shean Donovan is hit by Tyler Johnson and loses puck.
2:39 of 3rd period - Slapshot by Oskar Osala.
2:39 of 3rd period - Stopped by Todd Ford with a rebound.
2:41 of 3rd period - Snap shot by Tyler Johnson.
2:41 of 3rd period - Goal by Tyler Johnson - Sasquatch : 2 - Ice Dragons : 1.
2:42 of 3rd period - Patrick O'Sullivan wins face-off versus Derek Stepan in neutral zone.
2:57 of 3rd period - Wrist shot by Patrick O'Sullivan.
2:57 of 3rd period - Goal by Patrick O'Sullivan - Sasquatch : 2 - Ice Dragons : 2.
2:58 of 3rd period - Derek Stepan wins face-off versus Patrick O'Sullivan in neutral zone.
3:03 of 3rd period - Slapshot by Jakub Voracek.
3:03 of 3rd period - Shot Misses the Net.
3:05 of 3rd period - Wrist shot by Jakub Voracek.
3:05 of 3rd period - Shot Blocked by Kevin Klein.
3:13 of 3rd period - Snap shot by Jeff Tambellini.
3:13 of 3rd period - Stopped by Jonas Gustavsson with a rebound.
3:25 of 3rd period - Brandon Bochenski is hit by Kevin Klein and loses puck.
4:23 of 3rd period - Minor Penalty to Troy Brouwer for Holding Stick.
4:24 of 3rd period - Kris Beech wins face-off versus Derek Stepan in Ice Dragons zone.
5:19 of 3rd period - Slapshot by Denis Shvidki.
5:19 of 3rd period - Shot Misses the Net.
6:23 of 3rd period - Penalty to Troy Brouwer is over, Troy Brouwer is back on ice.
6:29 of 3rd period - Matt Walker is hit by Stephane Da Costa.
6:35 of 3rd period - Wrist shot by Troy Brouwer.
6:35 of 3rd period - Shot Blocked by Matt Niskanen.
6:39 of 3rd period - Wrist shot by Troy Brouwer.
6:39 of 3rd period - Stopped by Jonas Gustavsson without a rebound.
6:40 of 3rd period - Marc-Antoine Pouliot wins face-off versus Ryan O'Reilly in Sasquatch zone.
7:14 of 3rd period - Troy Brouwer is hit by Matt Beleskey and loses puck.
7:43 of 3rd period - Reilly Smith is hit by Jakub Voracek and loses puck.
8:29 of 3rd period - Wrist shot by Cal Clutterbuck.
8:29 of 3rd period - Stopped by Jonas Gustavsson with a rebound.
8:56 of 3rd period - Minor Penalty to Boris Valabik for Slashing.
8:57 of 3rd period - Derek Stepan wins face-off versus Kris Beech in Ice Dragons zone.
9:40 of 3rd period - Oskar Osala is hit by Denis Shvidki and loses puck.
10:56 of 3rd period - Penalty to Boris Valabik is over, Boris Valabik is back on ice.
11:01 of 3rd period - Wrist shot by Boris Valabik.
11:01 of 3rd period - Stopped by Jonas Gustavsson with a rebound.
11:10 of 3rd period - Icing by Kevin Klein.
11:11 of 3rd period - James Livingstone wins face-off versus Denis Shvidki in Ice Dragons zone.
11:12 of 3rd period - Wrist shot by Stephane Da Costa.
11:12 of 3rd period - Shot Misses the Net.
11:22 of 3rd period - Wrist shot by Boris Valabik.
11:22 of 3rd period - Stopped by Jonas Gustavsson with a rebound.
11:24 of 3rd period - Wrist shot by Boris Valabik.
11:24 of 3rd period - Goal by Boris Valabik - Sasquatch : 2 - Ice Dragons : 3.
11:25 of 3rd period - Derek Stepan wins face-off versus Patrick O'Sullivan in neutral zone.
12:05 of 3rd period - Snap shot by Kris Beech.
12:05 of 3rd period - Shot Blocked by Yann Sauvé.
12:21 of 3rd period - Slapshot by Keith Yandle.
12:21 of 3rd period - Shot Blocked by Denis Shvidki.
12:34 of 3rd period - Icing by Cam Atkinson.
12:35 of 3rd period - John Mitchell wins face-off versus Stephane Da Costa in Sasquatch zone.
13:33 of 3rd period - Wrist shot by Brandon Bochenski.
13:33 of 3rd period - Deflect By Tyler Johnson.
13:33 of 3rd period - Stopped by Todd Ford without a rebound.
13:34 of 3rd period - Cal Clutterbuck wins face-off versus Ryan O'Reilly in Ice Dragons zone.
13:45 of 3rd period - Wrist shot by Jeff Tambellini.
13:45 of 3rd period - Stopped by Jonas Gustavsson without a rebound.
13:46 of 3rd period - Patrick O'Sullivan wins face-off versus Derek Stepan in Sasquatch zone.
14:03 of 3rd period - Jakub Voracek is hit by Patrick O'Sullivan and loses puck.
14:30 of 3rd period - Snap shot by Patrick O'Sullivan.
14:30 of 3rd period - Shot Blocked by Ryan O'Reilly.
14:32 of 3rd period - Minor Penalty to Yann Sauvé for Slashing.
14:33 of 3rd period - Kris Beech wins face-off versus Tyler Johnson in Sasquatch zone.
14:40 of 3rd period - Wrist shot by Kris Beech.
14:40 of 3rd period - Shot Blocked by Matt Niskanen.
16:28 of 3rd period - Jeff Tambellini is hit by Oskar Osala and loses puck.
16:32 of 3rd period - Penalty to Yann Sauvé is over, Yann Sauvé is back on ice.
16:53 of 3rd period - Backhand shot by Joe Corvo.
16:53 of 3rd period - Stopped by Todd Ford without a rebound.
16:54 of 3rd period - Shean Donovan wins face-off versus Stephane Da Costa in Ice Dragons zone.
17:05 of 3rd period - Slapshot by Keith Yandle.
17:05 of 3rd period - Stopped by Todd Ford without a rebound.
17:06 of 3rd period - Ryan O'Reilly wins face-off versus Marc-Antoine Pouliot in Ice Dragons zone.
17:31 of 3rd period - Cal Clutterbuck is hit by Jakub Voracek.
17:34 of 3rd period - Off-side.
17:35 of 3rd period - Patrick O'Sullivan wins face-off versus Derek Stepan in neutral zone.
17:43 of 3rd period - Off-side.
17:44 of 3rd period - Patrick O'Sullivan wins face-off versus Ryan O'Reilly in neutral zone.
17:53 of 3rd period - Cal Clutterbuck is hit by Cam Atkinson and loses puck.
18:00 of 3rd period - Slapshot by Cam Atkinson.
18:00 of 3rd period - Stopped by Todd Ford without a rebound.
18:01 of 3rd period - Marc-Antoine Pouliot wins face-off versus Derek Stepan in Ice Dragons zone.
18:03 of 3rd period - Icing by Kevin Klein.
18:04 of 3rd period - Derek Stepan wins face-off versus Marc-Antoine Pouliot in Ice Dragons zone.
18:15 of 3rd period - Snap shot by D.J King.
18:15 of 3rd period - Stopped by Todd Ford with a rebound.
18:17 of 3rd period - Slapshot by Keith Yandle.
18:17 of 3rd period - Shot Blocked by Kevin Klein.
18:19 of 3rd period - Backhand shot by D.J King.
18:19 of 3rd period - Stopped by Todd Ford with a rebound.
18:39 of 3rd period - Snap shot by Jeff Tambellini.
18:39 of 3rd period - Shot Blocked by Kyle Clifford.
18:41 of 3rd period - Slapshot by Kevin Klein.
18:41 of 3rd period - Stopped by Jonas Gustavsson with a rebound.
19:01 of 3rd period - Sasquatch, Jonas Gustavsson is pulled from the net.
19:01 of 3rd period - Wrist shot by Jakub Voracek.
19:01 of 3rd period - Shot Misses the Net.
19:13 of 3rd period - Snap shot by Derek Stepan.
19:13 of 3rd period - Stopped by Todd Ford without a rebound.
19:14 of 3rd period - Dave Tippett call a timeout for Sasquatch.
19:14 of 3rd period - Kris Beech wins face-off versus Derek Stepan in Ice Dragons zone.
19:41 of 3rd period - Slapshot by Derek Stepan.
19:41 of 3rd period - Stopped by Todd Ford with a rebound.
19:43 of 3rd period - Wrist shot by Derek Stepan.
19:43 of 3rd period - Deflect By Kris Beech.
19:43 of 3rd period - Stopped by Todd Ford without a rebound.
19:44 of 3rd period - Kris Beech wins face-off versus Derek Stepan in Ice Dragons zone.
19:44 of 3rd period - Kris Beech is hit by Derek Stepan.
19:56 of 3rd period - Snap shot by Derek Stepan.
19:56 of 3rd period - Stopped by Todd Ford with a rebound.
19:58 of 3rd period - Snap shot by Jakub Voracek.
19:58 of 3rd period - Shot Blocked by Jeff Tambellini.
Goals for this period are 1 for Sasquatch vs 2 for Ice Dragons.
Shots for this period are 16 for Sasquatch vs 10 for Ice Dragons.
Output by the SimonT Hockey Simulator (STHS) for François Prévost -- Original Page W3C XHTML 1.0 Valid